 Dungeon Crawl Stone Soup version 0.16.2-12-gd0ad4c3 (webtiles) character file.

38766 faibistes the Thaumaturge (level 13, -9/78 HPs)
             Began as a Deep Elf Wizard on Dec 26, 2018.
             Was the Champion of Sif Muna.
             Mangled by a torpor snail (21 damage)
             ... on level 7 of the Lair of Beasts.
             The game lasted 01:12:01 (26742 turns).

faibistes the Thaumaturge (Deep Elf Wizard)        Turns: 26742, Time: 01:12:01

Health: -9/78      AC: 10    Str:  4    XL:     13   Next: 65%
Magic:  23/37      EV: 17    Int: 29    God:    Sif Muna [******]
Gold:   361        SH:  0    Dex: 13    Spells: 12 memorised, 2 levels left

rFire  . . .     SeeInvis .     O - +9 rapier (drain)
rCold  . . .     Clarity  .     a - +0 robe
rNeg   + . .     SustAb   .     (no shield)
rPois  +         Gourm    .     f - +2 helmet
rElec  .         Spirit   .     t - +1 cloak
rCorr  .         Warding  +     z - +2 pair of gloves
rMut   .         Stasis   .     (no boots)
MR     +....                    i - amulet of warding
Stlth  ++........               o - ring of wizardry
                                s - ring of poison resistance

@: slowed, repel missiles, very slow, somewhat resistant to hostile
enchantments, unstealthy
A: no striking features
a: Channel Energy, Forget Spell, Renounce Religion


You were on level 7 of the Lair of Beasts.
You worshipped Sif Muna.
Sif Muna was exalted by your worship.
You were not hungry.

You visited 3 branches of the dungeon, and saw 18 of its levels.
You also visited: Ossuary.

You collected 1141 gold pieces.
You spent 780 gold pieces at shops.

Inventory:

Hand weapons
 O - a +9 rapier of draining (weapon)
Armour
 a - a +0 robe (worn)
 f - a +2 helmet (worn)
 t - a +1 cloak (worn)
 z - a +2 pair of gloves (worn)
Magical staves
 y - an uncursed staff of death
 J - an uncursed staff of cold
Jewellery
 i - an amulet of warding (around neck)
 m - an uncursed ring of see invisible
 o - a ring of wizardry (right hand)
 s - a ring of poison resistance (left hand)
 H - a +5 ring of dexterity
 U - the ring "Khot" {+Fly Stlth+}
   (You found it on level 2 of the Lair of Beasts)

   [ring of flight]

   It lets you fly.
   It makes you more stealthy.
Magical devices
 r - a wand of heal wounds (4)
 E - a wand of heal wounds (5)
 F - a wand of lightning (0)
 K - a wand of fire (5)
 L - a wand of digging (0)
 M - a wand of slowing (25)
 P - a wand of confusion (24)
 Q - a wand of lightning (6)
 S - a wand of polymorph (9)
 V - a wand of cold (14)
 Y - a wand of cold (9)
 Z - a wand of fireball (3)
Scrolls
 e - 7 scrolls of fog
 h - 3 scrolls of magic mapping
 l - 2 scrolls of teleportation
 p - 4 scrolls of remove curse
 D - a scroll of blinking
 W - 2 scrolls of recharging
Potions
 g - 3 potions of heal wounds
 j - 3 potions of haste
 k - 4 potions of brilliance
 n - 2 potions of cure mutation
 u - 4 potions of restore abilities
 x - a potion of cancellation {unknown}
 A - a potion of ambrosia {unknown}
 B - 3 potions of lignification
 C - 5 potions of curing
 I - a potion of invisibility {unknown}
 N - 3 potions of mutation {unknown}
 R - a potion of experience {unknown}
Comestibles
 b - 5 chunks of flesh
 d - 12 bread rations
 q - 25 fruits
 v - 13 beef jerkies
 w - 6 meat rations
 G - 12 royal jellies


   Skills:
 + Level 7.7 Fighting
 + Level 9.8 Dodging
 - Level 2.4 Stealth
 * Level 14.7 Spellcasting
 + Level 7.5 Conjurations
 + Level 7.2 Charms
 - Level 1.1 Summonings
 + Level 5.5 Translocations
 * Level 7.3 Fire Magic
 - Level 2.6 Air Magic
 - Level 7.9 Earth Magic
 - Level 2.0 Poison Magic
 * Level 7.4 Invocations
 + Level 8.1 Evocations


You had 2 spell levels left.
You knew the following spells:

 Your Spells              Type           Power        Failure   Level  Hunger
a - Magic Dart            Conj           ####         1%          1    None
b - Conjure Flame         Conj/Fire      ######..     1%          3    None
c - Iskenderun's Battles  Conj/Chrm      ######..     1%          5    None
d - Blink                 Tloc           N/A          1%          2    None
e - Mephitic Cloud        Conj/Pois/Air  #####...     1%          3    None
f - Repel Missiles        Chrm/Air       ######       1%          2    None
g - Call Imp              Summ           ####....     1%          2    None
h - Iskenderun's Mystic   Conj           ######..     1%          4    None
j - Dazzling Spray        Conj/Hex       #####...     1%          3    None
v - Bolt of Magma         Conj/Fire/Erth ######....   1%          5    None
x - Sticky Flame          Conj/Fire      ######..     1%          4    None
z - Fireball              Conj/Fire      ######....   1%          5    None


Dungeon Overview and Level Annotations

Branches:
Dungeon (10/15)            Temple (1/1) D:7            Lair (7/8) D:8
 Shoals (0/5) Lair:5        Snake (0/5) Lair:6
  Slime: Lair:6-8       Orc: D:9-12

Altars:
Ashenzari
Cheibriados
Dithmenos
Elyvilon
Fedhas
Gozag
Kikubaaqudgha
Makhleb
Nemelex Xobeh
Okawaru
Qazlal
Ru
Sif Muna
Trog
Vehumet
Xom
Yredelemnul
Zin
The Shining One

Shops:
D:8 *


Message History

The fireball engulfs the yak.
The yak is heavily wounded.
The fireball engulfs the six-headed hydra.
The six-headed hydra is moderately wounded.
You hear a bellow!
You hear a loud, deep croak!
The porcupine bites you.
The yak gores the fungus!
The porcupine bites you. The yak closely misses you. The yak gores you.
A komodo dragon, a yak and a spiny frog come into view.
Unknown command.
The porcupine bites you but does no damage.
The six-headed hydra bites you but does no damage. x2
The six-headed hydra bites you! The six-headed hydra bites you.
The six-headed hydra bites you! x2
* * * LOW HITPOINT WARNING * * *
The yak gores you!
* * * LOW HITPOINT WARNING * * *
The porcupine bites you.
* * * LOW HITPOINT WARNING * * *
The yak gores you but does no damage. The torpor snail bites you!!
You die...

... ....F....
#..........
Y.......l..
##.........$#
....†.....#
#..Y.....#
#PwYD..###
#Y@rY...#
#.....#.#
#..r.r.P.#
##r.r...P#
.......##
#.......#
........#
##....r.. ...


You could see a six-headed hydra, a torpor snail, a komodo dragon, 5 yaks, a
spiny frog, a porcupine and 5 river rats.

Vanquished Creatures
  Maud (Lair:7)
  5 hydras
  7 death yaks
  2 hill giants (D:10)
  The ghost of faibistes the Thaumaturge, an experienced DEWz of Sif Muna (D:7)
  2 black mambas
  A griffon (Lair:3)
  Maurice (D:8)
  8 elephants
  Joseph (Lair:1)
  A torpor snail (Lair:6)
  9 komodo dragons
  5 spiny frogs
  2 fire drakes
  A troll (D:9)
  A queen bee (Lair:1)
  A wandering mushroom (D:8)
  Grinder (D:3)
  4 blink frogs (Lair:2)
  2 basilisks
  4 hippogriffs
  44 yaks
  5 wolves (Lair:2)
  6 nagas (Lair:6)
  Edmund (D:6)
  A warg (Lair:2)
  11 water moccasins
  9 porcupines
  3 ogres
  An ice beast (D:5)
  8 centaurs
  A phantom (D:7)
  3 sky beasts
  10 crocodiles
  Duvessa (D:6)
  An elf zombie (Ossuary)
  15 giant frogs
  3 scorpions
  29 killer bees
  A vampire bat (Lair:3)
  2 goliath beetles
  4 crimson imps
  Dowan (D:6)
  A quasit (D:10)
  3 orc priests
  A wasp zombie (D:5)
  2 giant frog skeletons
  A giant frog zombie (D:9)
  2 jellies
  4 worker ants
  4 hell rats (Lair:4)
  11 hounds
  12 iguanas
  6 orc wizards
  3 sheep (Lair:2)
  Ijyb (D:2)
  Jessica (D:3)
  2 hound zombies
  A hound skeleton (D:9)
  Terence (D:3)
  5 mummies
  Robin (D:3)
  19 adders
  3 worker ant zombies
  7 gnolls
  3 shadow imps (D:8)
  45 river rats
  4 worms
  3 adder zombies (Ossuary)
  3 adder skeletons
  2 oozes (D:1)
  3 giant geckos
  23 orcs
  A bat skeleton (D:5)
  A bat zombie (D:6)
  7 giant cockroaches
  23 goblins
  15 hobgoblins
  12 jackals
  17 kobolds
  16 quokkas
  4 ball pythons
  23 bats
  A giant gecko skeleton (D:5)
  5 giant newts
  A gnoll zombie (Ossuary)
  A goblin zombie (Ossuary)
  3 jackal zombies (Ossuary)
  A kobold zombie (Ossuary)
  2 quokka zombies (D:4)
  25 rats
  A rat zombie (Ossuary)
  2 fungi
  A plant (Lair:5)
559 creatures vanquished.

Vanquished Creatures (others)
  An ogre (D:8)
  A killer bee zombie (D:8)
  24 fungi
  6 plants
32 creatures vanquished.

Grand Total: 591 creatures vanquished

Notes
Turn   | Place    | Note
--------------------------------------------------------------
     0 | D:1      | faibistes, the Deep Elf Wizard, began the quest for the Orb.
     0 | D:1      | Reached XP level 1. HP: 10/10 MP: 6/6
   462 | D:1      | Reached XP level 2. HP: 15/15 MP: 6/9
   555 | D:1      | Learned a level 2 spell: Blink
   558 | D:1      | Learned a level 2 spell: Call Imp
  1347 | D:2      | Reached XP level 3. HP: 19/19 MP: 9/13
  1380 | D:2      | Learned a level 3 spell: Conjure Flame
  1385 | D:2      | Learned a level 3 spell: Mephitic Cloud
  1688 | D:2      | Reached skill level 5 in Spellcasting
  2383 | D:3      | Reached XP level 4. HP: 24/24 MP: 12/17
  2417 | D:3      | Learned a level 2 spell: Repel Missiles
  2615 | D:2      | Noticed Ijyb
  2793 | D:2      | Killed Ijyb
  3498 | D:3      | Noticed Grinder
  3516 | D:3      | Killed Grinder
  3516 | D:3      | Reached skill level 6 in Spellcasting
  3516 | D:3      | Reached XP level 5. HP: 12/28 MP: 15/21
  3516 | D:3      | Reached XP level 6. HP: 13/32 MP: 15/22
  3785 | D:4      | Found a sand-covered staircase.
  3792 | Ossuary  | Entered an ossuary
  3813 | Ossuary  | Reached skill level 7 in Spellcasting
  4473 | D:3      | Reached skill level 1 in Fighting
  4518 | D:3      | Noticed Jessica
  4522 | D:3      | Killed Jessica
  4522 | D:3      | Reached XP level 7. HP: 38/38 MP: 18/25
  4640 | D:3      | Found a bloodstained altar of Trog.
  4698 | D:3      | Noticed Robin
  4714 | D:3      | Killed Robin
  5031 | D:3      | Noticed Terence
  5045 | D:3      | Killed Terence
  5190 | D:3      | Reached skill level 1 in Evocations
  5683 | D:5      | Entered Level 5 of the Dungeon
  5741 | D:4      | Reached skill level 8 in Spellcasting
  5958 | D:4      | Found an ancient bone altar of Kikubaaqudgha.
  6014 | D:4      | Reached skill level 5 in Dodging
  6288 | D:4      | Reached XP level 8. HP: 44/46 MP: 16/27
  6797 | D:5      | Reached skill level 9 in Spellcasting
  7458 | D:6      | Noticed Edmund
  7486 | D:6      | Killed Edmund
  7934 | D:7      | Noticed faibistes' ghost (experienced DEWz)
  7969 | D:7      | Killed faibistes' ghost
  7969 | D:7      | Reached skill level 5 in Fighting
  7969 | D:7      | Reached skill level 10 in Spellcasting
  7969 | D:7      | Reached XP level 9. HP: 41/54 MP: 14/30
  8484 | D:6      | Noticed Duvessa
  8486 | D:6      | Noticed Dowan
  8644 | D:6      | Killed Dowan
  8660 | D:6      | Killed Duvessa
  9090 | D:7      | Found a staircase to the Ecumenical Temple.
  9096 | Temple   | Entered the Ecumenical Temple
  9964 | D:7      | Found a blossoming altar of Fedhas.
  9965 | D:7      | Found a stormy altar of Qazlal.
 10156 | D:9      | Reached skill level 11 in Spellcasting
 10230 | D:9      | Reached skill level 5 in Evocations
 10401 | D:10     | Entered Level 10 of the Dungeon
 11202 | D:8      | Noticed Maurice
 11238 | D:8      | Killed Maurice
 11238 | D:8      | Reached XP level 10. HP: 49/60 MP: 15/32
 11402 | D:8      | Found a staircase to the Lair.
 11859 | D:8      | Found a deep blue altar of Sif Muna.
 11866 | D:8      | Became a worshipper of Sif Muna the Loreminder
 11917 | D:8      | Found Trouh's Demolitions Depot.
 11926 | D:8      | Bought a book of Conjurations for 360 gold pieces
 12040 | D:8      | Learned a level 4 spell: Iskenderun's Mystic Blast
 12046 | D:8      | Learned a level 5 spell: Iskenderun's Battlesphere
 12050 | D:8      | Learned a level 3 spell: Dazzling Spray
 12530 | D:9      | Reached skill level 1 in Air Magic
 12535 | D:9      | Reached skill level 1 in Poison Magic
 12691 | D:9      | Reached skill level 1 in Fire Magic
 12789 | D:9      | Reached skill level 12 in Spellcasting
 12791 | D:9      | Reached skill level 5 in Conjurations
 12890 | D:9      | Acquired Sif Muna's first power
 13188 | D:9      | Learned a level 5 spell: Bolt of Magma
 13364 | D:9      | Found a burning altar of Makhleb.
 13365 | D:9      | Found a radiant altar of Vehumet.
 13682 | D:10     | Noticed a hill giant
 13694 | D:10     | Killed a hill giant
 13694 | D:10     | Reached skill level 1 in Earth Magic
 13694 | D:10     | Reached skill level 1 in Invocations
 13805 | D:10     | Noticed a hill giant
 13812 | D:10     | Killed a hill giant
 13812 | D:10     | Acquired Sif Muna's second power
 13812 | D:10     | Reached skill level 1 in Charms
 14121 | Lair:1   | Entered Level 1 of the Lair of Beasts
 14238 | Lair:1   | Reached XP level 11. HP: 66/66 MP: 15/34
 14406 | Lair:1   | Noticed Joseph
 14418 | Lair:1   | Killed Joseph
 15242 | Lair:1   | Reached skill level 13 in Spellcasting
 15887 | Lair:2   | Noticed an eight-headed hydra
 15895 | Lair:2   | Killed an eight-headed hydra
 16033 | Lair:2   | Got a vibrating copper ring
 16036 | Lair:2   | Identified the ring "Khot" {+Fly Stlth+} (You found it on level 2 of the Lair of Beasts)
 16744 | Lair:2   | Noticed a six-headed hydra
 17297 | Lair:2   | Reached XP level 12. HP: 70/72 MP: 23/35
 17356 | Lair:2   | Acquired Sif Muna's third power
 17356 | Lair:2   | Reached skill level 5 in Earth Magic
 17521 | Lair:2   | Killed a six-headed hydra
 17762 | Lair:2   | Noticed a five-headed hydra
 17770 | Lair:2   | Killed a five-headed hydra
 17770 | Lair:2   | Reached skill level 5 in Invocations
 17874 | Lair:2   | Reached skill level 5 in Fire Magic
 18311 | Lair:4   | Noticed a six-headed hydra
 18317 | Lair:4   | Killed a six-headed hydra
 18878 | Lair:3   | Reached skill level 5 in Charms
 19021 | Lair:3   | Got a faintly glowing lapis lazuli ring
 19023 | Lair:3   | Lost strength.
 19023 | Lair:3   | Identified the ring "Pnomaywk" {-Cast +Inv +Fly rN+ MR+ Str-4} (You found it on level 3 of the Lair of Beasts)
 19424 | Lair:3   | Noticed a four-headed hydra
 19429 | Lair:3   | Killed a four-headed hydra
 20109 | Lair:6   | Reached skill level 14 in Spellcasting
 20193 | Lair:5   | Reached skill level 5 in Translocations
 20507 | D:8      | Bought a book of Flames for 420 gold pieces
 20576 | D:8      | Learned a level 5 spell: Fireball
 20581 | D:8      | Learned a level 4 spell: Sticky Flame
 21601 | Lair:5   | Found a staircase to the Shoals.
 21909 | Lair:5   | Reached XP level 13. HP: 76/76 MP: 21/37
 22070 | Lair:4   | Noticed a death yak
 22076 | Lair:4   | Noticed a death yak
 22077 | Lair:4   | Noticed a death yak
 22077 | Lair:4   | Killed a death yak
 22087 | Lair:4   | Killed a death yak
 22101 | Lair:4   | Killed a death yak
 24455 | Lair:7   | Received a gift from Sif Muna
 24456 | Lair:7   | Identified Sif Muna's Catalogue of the Volcanoes and Confrontation (Sif Muna gifted it to you on level 7 of the Lair of Beasts)
 24873 | Lair:7   | Noticed Maud
 25246 | Lair:7   | Killed Maud
 26035 | Lair:6   | Found a staircase to the Snake Pit.
 26742 | Lair:7   | Mangled by a torpor snail

Action                   |  1- 3 |  4- 6 |  7- 9 | 10-12 | 13-15 || total
-------------------------+-------+-------+-------+-------+-------++-------
Melee: Dagger            |       |    25 |    23 |       |       ||    48
       Rapier            |       |       |    45 |   100 |    22 ||   167
       Staff             |       |       |       |     5 |       ||     5
 Cast: Magic Dart        |   111 |    90 |   431 |   307 |     4 ||   943
       Mephitic Cloud    |     2 |     4 |    42 |    27 |     3 ||    78
       Repel Missiles    |       |     2 |     3 |     1 |     1 ||     7
       Conjure Flame     |       |    10 |    53 |    75 |     3 ||   141
       Call Imp          |       |     1 |       |       |       ||     1
       Blink             |       |     1 |     3 |     4 |     4 ||    12
       Iskenderun's Myst |       |       |       |    54 |       ||    54
       Dazzling Spray    |       |       |       |    27 |       ||    27
       Iskenderun's Batt |       |       |       |    34 |     3 ||    37
       Bolt of Magma     |       |       |       |    61 |    10 ||    71
       Fireball          |       |       |       |    26 |    90 ||   116
       Sticky Flame      |       |       |       |     1 |    21 ||    22
Invok: Channel Energy    |       |       |       |    25 |    12 ||    37
Evoke: Wand              |       |       |     3 |       |     2 ||     5
  Use: Scroll            |       |     2 |    12 |    15 |     8 ||    37
       Potion            |       |       |     1 |       |     4 ||     5
 Stab: Confused          |       |       |     6 |     4 |       ||    10
       Sleeping          |       |       |     4 |       |       ||     4
       Invisible         |       |       |       |     5 |       ||     5
  Eat: Chunk             |     4 |     4 |    22 |    39 |    13 ||    82
       Fruit             |       |     1 |       |       |     2 ||     3
       Pizza             |       |       |       |       |     1 ||     1
